AoeStats
← 大明湖畔

African Clearing

510686676Analyzed
4v4 RM · 21h ago on Oct 2, 2026· 40m 40s· 8 players
Game mode
Random Map
Map size
Large (8 player)
Population
200
Speed
Normal
Resources
Standard
Victory
Conquest
Starting age
Dark Age
Ending age
Imperial Age
RankedLock teamsTeams togetherTeam positionsShared explorationLock speedFull tech treeHidden civsTurbo modeCheats
Victory
Defeat
🇨🇳 Huns · China
1122
+14
🇹🇼 Poles · Taiwan
1070
+16
🇹🇼 Hindustanis · Taiwan
1057
+17
🇹🇼 Bohemians · Taiwan
1031
+18
🇦🇺 Franks · Australia
1133
-19
🇨🇾 Italians · Cyprus
1133
-19
🇲🇽 Berbers · Mexico
1022
-14
🇨🇳 Magyars · China
1002
-13
QingTEA
10:04 Loom
15:46 Feudal Age
17:36 Double-Bit Axe
20:13 Castle Age
18:01 Horse Collar
21:31 Husbandry
21:53 Bow Saw
23:01 Wheelbarrow
24:27 Heavy Plow
25:49 Light Cavalry
26:39 Scale Barding Armor
29:03 Hand Cart
31:06 Stone Mining
31:09 Gold Mining
31:54 Szlachta Privileges
31:47 Town Watch
35:37 Imperial Age
32:56 Treadmill Crane
34:11 Chain Barding Armor
34:02 Forging
34:21 Bloodlines
36:45 Conscription
37:02 Iron Casting
37:29 Chemistry
36:38 Siege Engineers
36:29 Cavalier
39:44 Stone Shaft Mining
40:48 Blast Furnace
QAZWSX
4:29 Loom
15:53 Feudal Age
20:41 Castle Age
19:48 Town Watch
19:51 Double-Bit Axe
26:46 Fletching
40:55 Bodkin Arrow
离岛
8:28 Loom
15:00 Feudal Age
19:16 Castle Age
17:12 Stone Mining
17:10 Double-Bit Axe
19:09 Gold Mining
30:27 Horse Collar
31:00 Bow Saw
33:17 Bloodlines
33:42 Husbandry
33:59 Scale Barding Armor
35:48 Forging
遠方的燈
4:04 Loom
14:49 Feudal Age
15:35 Double-Bit Axe
18:46 Castle Age
18:51 Bloodlines
18:50 Scale Barding Armor
24:17 Horse Collar
25:25 Bow Saw
26:06 Husbandry
27:01 Town Watch
29:55 Heavy Plow
35:13 Forging
35:24 Chain Barding Armor
36:31 Iron Casting
36:58 Wheelbarrow
41:59 Imperial Age
大明湖畔
15:10 Feudal Age
18:56 Castle Age
17:12 Double-Bit Axe
21:00 Wheelbarrow
21:56 Loom
26:23 Gold Mining
26:55 Hand Cart
28:04 Gold Shaft Mining
28:08 Husbandry
30:15 Scale Barding Armor
34:46 Imperial Age
32:09 Town Watch
33:12 Chain Barding Armor
34:04 Forging
36:10 Plate Barding Armor
34:57 Cavalier
36:04 Conscription
37:09 Iron Casting
39:01 Chivalry
likelisi017
5:24 Loom
14:40 Feudal Age
21:40 Castle Age
20:02 Fletching
21:25 Bloodlines
21:29 Double-Bit Axe
23:29 Bodkin Arrow
25:04 Fervor
28:12 Ballistics
27:48 Murder Holes
28:52 Scale Barding Armor
30:44 Wheelbarrow
fuita
4:37 Loom
13:07 Feudal Age
15:11 Wheelbarrow
17:12 Castle Age
16:24 Stone Mining
17:22 Gold Mining
19:13 Double-Bit Axe
20:26 Bow Saw
20:07 Horse Collar
21:21 Fletching
28:20 Ballistics
NeessQuiick
14:03 Feudal Age
19:58 Castle Age
18:49 Double-Bit Axe
23:21 Fletching
Connection lost

Rejoining the realm…

Still unreachable

The connection could not be restored.

Session expired

The server has moved on; the page needs a fresh start.